 Dungeon Crawl Stone Soup version 0.28.0-43-g3370ac3207 (webtiles) character file.

Game seed: 15591502192249214303

2925 pkoi the Zephyrmancer (level 9, -8/62 HPs)
             Began as a Purple Draconian Air Elementalist on Mar 10, 2022.
             Was a Follower of Sif Muna.
             Mangled by a boulder beetle (17 damage)
             ... on level 8 of the Dungeon.
             The game lasted 00:15:21 (13190 turns).

pkoi the Zephyrmancer (DrAE)                       Turns: 13190, Time: 00:15:22

Health: -8/62      AC: 14    Str: 12    XL:     9   Next: 50%
Magic:  14/18      EV: 12    Int: 19    God:    Sif Muna [*.....]
Gold:   34         SH:  0    Dex: 11    Spells: 6/20 levels left

rFire   . . .      SeeInvis .   c - +1 dagger (venom)
rCold   . . .      Faith    .   (no shield)
rNeg    . . .      Spirit   .   (armour unavailable)
rPois   .          Reflect  .   (helmet restricted)
rElec   .          Harm     .   (no cloak)
rCorr   +          Rampage  .   o - +1 pair of gloves
Will    +....                   i - +0 pair of boots
Stlth   ++........              (no amulet)
HPRegen 0.20/turn               j - +4 ring of protection
MPRegen 0.16/turn               h - ring of resist corrosion

@: no status effects
A: breathe power, AC +7, unfitting armour, cold-blooded
a: Breathe Dispelling Energy, Renounce Religion, Channel Magic


You were on level 8 of the Dungeon.
You worshipped Sif Muna.
Sif Muna was aware of your devotion.
You visited 2 branches of the dungeon, and saw 9 of its levels.
You also visited: Bailey.

You collected 379 gold pieces.
You spent 345 gold pieces at shops.

Inventory:

Hand Weapons
 c - a +1 dagger of venom (weapon)
Missiles
 f - 22 poisoned darts
Armour
 i - a +0 pair of boots (worn)
 o - a +1 pair of gloves (worn)
 s - an orb of mayhem
Jewellery
 h - a ring of resist corrosion (right hand)
 j - a +4 ring of protection (left hand)
 t - a ring of fire
 v - a ring of ice
Scrolls
 a - 2 scrolls of teleportation
 l - 2 scrolls of brand weapon
 p - 2 scrolls of enchant weapon
 r - 2 scrolls of fear
 w - 2 scrolls of amnesia
 x - 2 scrolls of identify
Potions
 b - a potion of might {unknown}
 d - 4 potions of curing
 e - a potion of haste
 g - a potion of berserk rage
 k - a potion of flight
 m - a potion of resistance
 n - a potion of heal wounds {unknown}
 q - a potion of ambrosia {unknown}
 u - a potion of magic {unknown}


   Skills:
 - Level 1.7 Dodging
 - Level 1.7 Stealth
 - Level 6.0 Spellcasting
 + Level 4.4 Conjurations
 + Level 0.7 Summonings
 - Level 3.0 Translocations
 - Level 3.0 Ice Magic
 + Level 10.8 Air Magic


You had 6 spell levels left.
You knew the following spells:

 Your Spells              Type           Power      Damage    Failure   Level
a - Shock                 Conj/Air       100%       1d9       1%          1
b - Swiftness             Air            46%        N/A       1%          3
c - Apportation           Tloc           34%        N/A       3%          1
d - Airstrike             Air            23%        N/A       1%          4
e - Freeze                Ice            68%        1d8       3%          1
f - Summon Ice Beast      Ice/Summ       12%        N/A       45%         4

Your spell library contained the following spells:

 Spells                   Type           Power      Damage    Failure   Level
 Corpse Rot               Necr/Air       52%        N/A       1%          2
 Poisonous Vapours        Pois/Air       52%        N/A       1%          2
 Static Discharge         Conj/Air       34%        N/A       1%          2
 Summon Small Mammal      Summ           32%        N/A       9%          1
 Frozen Ramparts          Ice            34%        1d5       10%         3
 Animate Skeleton         Necr           10%        N/A       11%         1
 Beastly Appendage        Tmut           10%        N/A       11%         1
 Wereblood                Tmut           5%         N/A       17%         2
 Hailstorm                Conj/Ice       19%        3d6       24%         4
 Spider Form              Tmut/Pois      5%         N/A       32%         3
 Summon Mana Viper        Hex/Summ       7%         N/A       95%         5
 Monstrous Menagerie      Summ           4%         N/A       100%        7
 Chain Lightning          Conj/Air       17%        3d22      100%        9


Dungeon Overview and Level Annotations

Branches:
Dungeon (8/15)             Temple (1/1) D:6          Bailey (visited)
   Lair: D:8-11

Altars:
Ashenzari
Cheibriados
Dithmenos
Elyvilon
Fedhas
Gozag
Hepliaklqana
Kikubaaqudgha
Makhleb
Nemelex Xobeh
Okawaru
Qazlal
Ru
Sif Muna
Trog
Uskayaw
Vehumet
Wu Jian
Xom
Yredelemnul
Zin
The Shining One

Shops:
D:7 (   D:8 ?

Annotations:
D:7 2 transporters, xzight's ghost, novice GrFi
D:8 1 runed translucent door


Innate Abilities, Weirdness & Mutations

You can breathe bolts of dispelling energy.
Your rich purple scales are hard. (AC +7)
You cannot fit into any form of body armour.
You are cold-blooded and may be slowed by cold attacks.


Message History

The air twists around and strikes the troll!
You kill the troll!
Sif Muna accepts your kill.
Training target 3.0 for Ice Magic reached!
Training target 3.0 for Translocations reached!
Training target 6.0 for Spellcasting reached!
Your Spellcasting skill increases to level 6!
Your Translocations skill increases to level 3!
Your Ice Magic skill increases to level 3!
You start resting.
A boulder beetle comes into view.
There is an escape hatch in the ceiling here.
You start resting.
Magic restored.
Items here: )) [[.
A boulder beetle is nearby!
You see here a +0 trident.
You see here a scroll of identify.
x - 2 scrolls of identify (gained 1)
The boulder beetle curls into a ball and begins rolling!
The boulder beetle hits you!!
* * * LOW HITPOINT WARNING * * *
The boulder beetle stops rolling and uncurls.
You hit the boulder beetle but do no damage.
The boulder beetle is poisoned.
The boulder beetle bites you!
* * * LOW HITPOINT WARNING * * *
You hit the boulder beetle but do no damage.
The boulder beetle looks as sick as possible!
The boulder beetle is lightly wounded.
The boulder beetle bites you!
* * * LOW HITPOINT WARNING * * *
Aiming: Airstrike (dangerous; 1% risk of failure)
Press: ? - help, Q - select action, (/) - cycle Dir - move target, f - boulder beetle
Aim: a boulder beetle (lightly wounded, extremely poisoned, empty space bonus: 5/8)
The air twists around and strikes the boulder beetle!
The boulder beetle is moderately wounded.
The boulder beetle bites you!!
* * * LOW HITPOINT WARNING * * *
It was a potion of curing.
You feel better. The boulder beetle bites you!
You die...

#.#..#.#.. ###...#....##
#.#.##.##.# ##....###....#
#...#...#.. ##.............
#..##...##.# #....#)).).#...
#..#.#+#.#.. #...##.._).##..
##.##.#5#.##.####....#.).).#..#
#..#.##p##.#..#...............#
##.##.


pgT .##...###....###...## ##..#.# ..5 #.#.@B#####...#...## ...##. ...
.##...#####.....## .### ###...###..#.## ## ###........# # ###....#### #
###.°○..# # ###...# # ##.# # .# # You could see a boulder beetle (extremely
poisoned).

Vanquished Creatures
  A troll (D:8)
  A wyvern (D:6)
  A wraith (D:6)
  Eustachio (D:6)
  A steam dragon (D:7)
  Menkaure (D:4)
  2 water moccasins (D:8)
  2 ice beasts
  2 orc warriors
  A necrophage (D:7)
  An ogre (D:4)
  2 black bears
  2 centaurs
  A lemure (D:8)
  A bullfrog (D:6)
  A wyvern skeleton (D:6)
  2 howler monkeys
  A centaur zombie (D:6)
  A bullfrog zombie (D:5)
  5 hounds
  3 orc priests
  A jelly (D:5)
  A bullfrog skeleton (D:4)
  3 orc wizards
  An iguana (D:7)
  2 howler monkey zombies (D:8)
  9 adders
  2 gnolls (D:7)
  A howler monkey skeleton (D:6)
  A shadow imp (D:8)
  A white imp (D:7)
  2 adder skeletons (D:4)
  2 worms
  3 dart slugs
  26 orcs
  11 bats
  11 endoplasms
  3 giant cockroaches (D:2)
  7 goblins
  7 hobgoblins
  6 quokkas
  4 ball pythons
  3 frilled lizards
  7 kobolds
  A quokka skeleton (D:3)
  6 rats
154 creatures vanquished.

Notes
Turn   | Place    | Note
-------+----------+-------------------------------------------
     0 | D:1      | pkoi the Draconian Air Elementalist began the quest for the
                  | Orb.
     0 | D:1      | Reached XP level 1. HP: 14/14 MP: 3/3
   413 | D:1      | Reached XP level 2. HP: 20/20 MP: 1/5
  1015 | D:1      | Reached skill level 4 in Air Magic
  1562 | D:2      | Reached XP level 3. HP: 26/26 MP: 2/6
  2219 | D:2      | Found a faded altar of an unknown god.
  2592 | D:2      | Learned a level 3 spell: Swiftness
  2647 | D:2      | Reached XP level 4. HP: 33/33 MP: 5/7
  2675 | D:2      | Reached skill level 5 in Air Magic
  3947 | D:3      | Learned a level 1 spell: Apportation
  4199 | D:3      | Found a stormy altar of Qazlal.
  4264 | D:3      | Identified a scroll of acquirement
  4264 | D:3      | Acquired the Disquisition on Congealing Confrontation
  4635 | D:3      | Noticed an ice beast
  4688 | D:3      | Killed an ice beast
  4689 | D:3      | Reached skill level 6 in Air Magic
  4689 | D:3      | Reached XP level 5. HP: 38/38 MP: 3/8
  5620 | D:4      | Reached XP level 6. HP: 45/45 MP: 7/10
  5765 | D:4      | Learned a level 4 spell: Airstrike
  6248 | D:4      | Found a sacrificial altar of Ru.
  6279 | D:4      | Noticed Menkaure
  6393 | D:4      | Your scales start taking on a rich purple colour.
  6393 | D:4      | Reached XP level 7. HP: 50/50 MP: 10/13
  6419 | D:5      | Entered Level 5 of the Dungeon
  6563 | D:5      | You fall into a shaft and drop 1 floor!
  6576 | D:6      | Noticed Eustachio
  6588 | D:6      | Reached skill level 7 in Air Magic
  7512 | D:6      | Reached skill level 8 in Air Magic
  7708 | D:6      | Found a staircase to the Ecumenical Temple.
  7738 | Temple   | Entered the Ecumenical Temple
  7949 | Temple   | Became a worshipper of Sif Muna the Loreminder
  8023 | D:6      | Noticed a wyvern
  8036 | D:6      | HP: 2/50 [wyvern (15)]
  8037 | D:6      | Killed a wyvern
  8038 | D:6      | Reached XP level 8. HP: 2/57 MP: 7/14
  8537 | D:6      | Reached skill level 9 in Air Magic
  8974 | D:6      | Reached skill level 10 in Air Magic
  9177 | D:6      | Learned a level 1 spell: Freeze
  9637 | D:6      | Killed Eustachio
  9638 | D:6      | Reached skill level 1 in Translocations
  9638 | D:6      | Reached skill level 1 in Ice Magic
 10084 | D:4      | Killed Menkaure
 10415 | D:7      | Found Ocoomush's Antique Weapon Boutique.
 10460 | D:7      | Found a white marble altar of Elyvilon.
 10460 | D:7      | Found a burning altar of Makhleb.
 10534 | D:7      | Reached skill level 5 in Spellcasting
 10534 | D:7      | Reached XP level 9. HP: 62/62 MP: 3/16
 10781 | D:7      | Found a flagged portal.
 10891 | Bailey   | Entered a bailey
 11192 | D:7      | Found a transporter.
 11197 | D:7      | Noticed xzight's ghost (novice GrFi)
 11198 | D:7      | Found a transporter.
 11224 | D:7      | Identified the +3 great mace "Zovofur" {vorpal, rC+ rN+
                  | Stlth+}
 11362 | D:7      | Found a shimmering altar of Xom.
 11502 | D:7      | Bought a steaming great sword for 345 gold pieces
 11502 | D:7      | Identified the +0 great sword of Fragile Peace {flame,
                  | *Slow rC+ Dex+3} (You bought it in a shop on level 7 of the
                  | Dungeon)
 11716 | D:8      | Found an ancient bone altar of Kikubaaqudgha.
 11971 | D:8      | Found Vuneaqup's Magic Scroll Emporium.
 12369 | D:8      | Reached * piety under Sif Muna
 12551 | D:8      | Found a runed translucent door.
 12553 | D:8      | Noticed a death knight
 12555 | D:8      | Noticed a troll
 12555 | D:8      | Noticed a fire crab
 12596 | D:8      | Found an iron altar of Okawaru.
 12768 | D:8      | Learned a level 4 spell: Summon Ice Beast
 13037 | D:8      | Killed a troll
 13092 | D:8      | Noticed a boulder beetle
 13189 | D:8      | HP: 1/62 [boulder beetle (25)]
 13190 | D:8      | Mangled by a boulder beetle

Illustrated notes

Levels and vault maps discovered:
D:1:      evilmike_arrival_come_back, layout_loops_ring
D:2:      layout_basic, shapermc_ecumenical_altar_mp_highgroup,
          chequers_serial_rivers_room_b
D:3:      layout_basic, nicolae_qazlal_general_emergency, minmay_guardbox
D:4:      layout_loops_ring, nicolae_ru_awakened_eye,
          minmay_fractal_squares_gapless_5, uniq_menkaure
D:5:      layout_rooms, st_stairs_6, kennysheep_generic_room_8
D:6:      minmay_spotlight, layout_gridville, minmay_temple_entry_waves,
          uniq_eustachio
D:7:      layout_cave_pools, mainiacjoe_overflow_six_doors_small,
          mainiacjoe_overflow_divided_tiny, enter_bailey_7,
          gammafunk_ghost_smash, serial_shops, nicolae_shop_window_shopping
D:8:      minmay_the_grid_four_pointed_star
          [minmay_the_grid_triangle_9x9_subtriangle,
          minmay_the_grid_triangle_9x9_impossible_snake,
          minmay_the_grid_triangle_9x9_pentomino_pain,
          minmay_the_grid_triangle_9x9_semitri,
          minmay_the_grid_prize_shrinking_boxes], layout_loops_ring,
          mainiacjoe_overflow_alcove_2, okawaru_ov_weapons_minmay, serial_shops,
          nicolae_shop_crystal, hex_large, uniq_pikel
Temple:   regret_index_temple_generic_petals

Skill      XL: |  1  2  3  4  5  6  7  8  9 |
---------------+----------------------------+-----
Air Magic      | 4 6 8 10 | 10.8
Conjurations   | 2 3 4 |  4.4
Spellcasting   | 4 5 6 |  6.0
Translocations | 2 3 |  3.0
Ice Magic      | 2 3 |  3.0
Dodging        | |  1.7
Stealth        | |  1.7
Summonings     | |  0.7

Action                   |  1- 3 |  4- 6 |  7- 9 || total
-------------------------+-------+-------+-------++-------
Melee: Unarmed           |    18 |       |       ||    18
       Tailslap          |     4 |     1 |    13 ||    18
       Dagger            |    11 |     3 |    61 ||    75
 Cast: Shock             |    75 |   152 |    83 ||   310
       Airstrike         |       |       |    64 ||    64
 Abil: Breathe Dispellin |       |       |     1 ||     1
  Use: Scroll            |       |    11 |     7 ||    18
       Potion            |       |       |     1 ||     1
 Stab: Sleeping          |       |     1 |     1 ||     2
Armor: Skin              |    21 |    25 |    51 ||    97
Dodge: Dodged            |    38 |    32 |    52 ||   122
